 Dungeon Crawl Stone Soup version 0.19.1 (webtiles) character file.

252 ChaseSP the Ruffian (level 5, -3/40 HPs)
             Began as a Draconian Transmuter on Nov 29, 2016.
             Slain by christhawk's ghost (4 damage)
             ... on level 3 of the Dungeon.
             The game lasted 00:03:23 (1907 turns).

ChaseSP the Ruffian (Draconian Transmuter)          Turns: 1907, Time: 00:03:24

Health: -3/40      AC:  5    Str: 13    XL:     5   Next: 89%
Magic:  1/8        EV: 12    Int: 13    God:
Gold:   107        SH:  0    Dex: 12    Spells: 3 memorised, 2 levels left

rFire  . . .     SeeInvis .       - Unarmed
rCold  . . .     Gourm    .     (armour unavailable)
rNeg   . . .     Faith    .     (no shield)
rPois  .         Spirit   .     (helmet restricted)
rElec  .         Reflect  .     (no cloak)
rCorr  +         Harm     .     (no gloves)
MR     .....                    (no boots)
Stlth  +.........               (no amulet)
                                (no ring)
                                i - ring of resist corrosion

@: very slightly contaminated
A: unfitting armour, cold-blooded, AC +5
a: no special abilities


You were on level 3 of the Dungeon.
You were hungry.

You visited 1 branch of the dungeon, and saw 3 of its levels.

You collected 107 gold pieces.

Inventory:

Missiles
 a - 18 arrows
Jewellery
 i - a ring of resist corrosion (left hand)
Scrolls
 h - a scroll of enchant weapon {unknown}
 j - a scroll of random uselessness {unknown}
 k - 3 scrolls of identify {unknown}
 n - a scroll of remove curse {unknown}
Potions
 e - a potion of might {unknown}
 f - a potion of mutation {unknown}
 g - 2 potions of invisibility {unknown}
 l - a potion of brilliance {unknown}
 o - a potion of curing {unknown}
Books
 b - a book of Changes

   Spells                             Type                      Level
   a - Beastly Appendage              Transmutation                1
   b - Sticks to Snakes               Transmutation                2
   c - Spider Form                    Transmutation/Poison         3
   d - Ice Form                       Ice/Transmutation            4
   e - Blade Hands                    Transmutation                5
Comestibles
 c - 2 bread rations
 d - a meat ration
 m - 4 chunks of flesh


   Skills:
 - Level 1.1 Fighting
 + Level 2.0 Dodging
 * Level 4.2 Unarmed Combat
 - Level 2.0 Spellcasting
 + Level 4.1 Transmutations
 - Level 3.1 Poison Magic


You had 2 spell levels left.
You knew the following spells:

 Your Spells              Type           Power        Failure   Level  Hunger
a - Beastly Appendage     Tmut           ##....       6%          1    ##.....
b - Sticks to Snakes      Tmut           ##......     10%         2    ###....
c - Spider Form           Tmut/Pois      ##........   17%         3    ####...


Dungeon Overview and Level Annotations

Branches:
Dungeon (3/15)

Altars:
Ashenzari
Gozag
Okawaru
Trog

Annotations:
D:3 christhawk's ghost, amateur HaFi


Innate Abilities, Weirdness & Mutations

Your plain brown scales are hard. (AC +5)
You cannot fit into any form of body armour.
You are cold-blooded and may be slowed by cold attacks.


Message History

You create a snake!
You now have 18 arrows.
Christhawk's ghost misses you.
You hit christhawk's ghost but do no damage.
Christhawk's ghost is lightly damaged.
Christhawk's ghost hits you!
* * * LOW HITPOINT WARNING * * *
You hit christhawk's ghost but do no damage.
Christhawk's ghost is lightly damaged.
Christhawk's ghost hits you.
* * * LOW HITPOINT WARNING * * *
Your ball python bites christhawk's ghost but does no damage.
You hit christhawk's ghost but do no damage.
You tail-slap christhawk's ghost, but do no damage.
Christhawk's ghost is lightly damaged.
Christhawk's ghost hits you!
* * * LOW HITPOINT WARNING * * *
Your ball python bites christhawk's ghost but does no damage.
You are feeling hungry.
Your ball python bites christhawk's ghost but does no damage.
Christhawk's ghost hits you.
You die...

'.#...........# '...#
#.......#
#.#.###.......######
#.#.................
#.#...........######
##.#...........###
#................#
#.#..WS...##.....#
#.#.@.†...##.....#
#.#.......##.....#
########.#.#####.##.....#
#<......)........##.....#
###################.....#
#.....#


You could see christhawk's ghost and a friendly ball python.

Vanquished Creatures
  Sigmund (D:2)
  An adder (D:2)
  An ooze (D:1)
  2 worms (D:2)
  A dart slug (D:2)
  3 leopard geckos
  A giant cockroach (D:2)
  2 goblins
  6 hobgoblins
  14 jackals
  4 kobolds
  2 quokkas (D:2)
  6 bats
  2 frilled lizards
  5 rats
51 creatures vanquished.

Vanquished Creatures (collateral kills)
  An adder (D:2)
1 creature vanquished.

Grand Total: 52 creatures vanquished

Notes
Turn   | Place    | Note
-------+----------+-------------------------------------------
     0 | D:1      | ChaseSP the Draconian Transmuter began the quest for the Orb.
     0 | D:1      | Reached XP level 1. HP: 16/16 MP: 3/3
   297 | D:1      | Reached XP level 2. HP: 15/23 MP: 5/5
   304 | D:1      | Learned a level 2 spell: Sticks to Snakes
   604 | D:1      | Reached XP level 3. HP: 26/28 MP: 6/6
   609 | D:1      | Learned a level 3 spell: Spider Form
  1103 | D:2      | Noticed Sigmund
  1153 | D:2      | Killed Sigmund
  1153 | D:2      | Reached XP level 4. HP: 13/35 MP: 1/7
  1153 | D:2      | Reached XP level 5. HP: 15/40 MP: 1/8
  1214 | D:2      | Found a shattered altar of Ashenzari.
  1218 | D:2      | Found an opulent altar of Gozag.
  1225 | D:2      | Found a bloodstained altar of Trog.
  1279 | D:2      | Found an iron altar of Okawaru.
  1882 | D:3      | Noticed christhawk's ghost (amateur HaFi)
  1905 | D:3      | HP: 1/40 [christhawk's ghost (11)]
  1907 | D:3      | Slain by christhawk's ghost

Skill      XL: |  1  2  3  4  5 |
---------------+----------------+-----
Unarmed Combat | 4 |  4.2
Transmutations | 4 |  4.1
Poison Magic   | 3 |  3.1
Dodging        | 2 |  2.0
Fighting       | |  1.1
Spellcasting   | |  2.0

Action                   |  1- 3 |  4- 6 || total
-------------------------+-------+-------++-------
Melee: Unarmed           |   116 |    82 ||   198
       Tailslap          |    11 |     7 ||    18
       Kick              |     4 |       ||     4
       Punch             |     2 |       ||     2
       Headbutt          |     1 |       ||     1
 Cast: Beastly Appendage |     4 |     1 ||     5
       Spider Form       |     1 |     2 ||     3
       Sticks to Snakes  |       |     3 ||     3
 Stab: Sleeping          |     1 |       ||     1
  Eat: Chunk             |     1 |     3 ||     4
Armor: Skin              |    39 |    22 ||    61
Dodge: Dodged            |    77 |    54 ||   131
